 Dungeon Crawl Stone Soup version 0.22-a0-303-g4a852b3 (webtiles) character file.

137208 grindst0ne the Spry (level 17, -10/132 HPs)
             Began as a Kobold Berserker on Mar 27, 2018.
             Was a High Priest of Trog.
             Mangled by a nagaraja
             ... wielding a +4 spear
              (15 damage)
             ... on level 1 of the Snake Pit.
             The game lasted 01:28:53 (34097 turns).

grindst0ne the Spry (Kobold Berserker)             Turns: 34097, Time: 01:28:54

Health: -10/132    AC: 20    Str: 20    XL:     17   Next: 82%
Magic:  30/30      EV: 23    Int: 13    God:    Trog [*****.]
Gold:   205        SH: 13    Dex: 16    Spells: 16/16 levels left

rFire    + . .     SeeInvis +   g - +4 rapier (chaos)
rCold    . . .     Gourm    .   x - +0 shield
rNeg     . . .     Faith    .   W - +5 ring mail of Classification {MR- Str+3}
rPois    +         Spirit   .   I - +1 helmet {SInv}
rElec    .         Reflect  .   k - +0 cloak {MR+}
rCorr    .         Harm     .   B - +0 pair of gloves
MR       +++..                  T - +2 pair of boots
Stlth    +.........             N - amulet of Vitality {Regen+ HP+15}
HPRegen  1.72/turn              l - ring "Otoggu" {rPois rF+ MP+9}
MPRegen  0.22/turn              h - +2 ring of strength

@: lethally poisoned (-10 -> -10), berserk cooldown, regenerating, slowed,
constricted, very slow
A: small, carnivore
a: Berserk, Trog's Hand, Brothers in Arms, Renounce Religion


You were on level 1 of the Snake Pit.
You worshipped Trog.
Trog was extremely pleased with you.
You were not hungry.

You visited 4 branches of the dungeon, and saw 24 of its levels.
You visited the Abyss 1 time.
You visited 1 bazaar.
You also visited: Ossuary.

You collected 2370 gold pieces.
You spent 2165 gold pieces at shops.

Inventory:

Hand Weapons
 g - a +4 rapier of chaos (weapon)
 v - the +9 long sword "Vess" {holy, rElec Dex+2}
   (Trog gifted it to you on level 3 of the Lair of Beasts)

   It has been blessed by the Shining One to cause great damage to the undead
   and demons.
   It affects your dexterity (+2).
   It insulates you from electricity.
 P - the +5 spear of the Mosquito {pierce, rF++ MR- Dex+4}
   (You found it on level 8 of the Dungeon)

   It inflicts extra damage upon your enemies.
   It affects your dexterity (+4).
   It greatly protects you from fire.
   It affects your resistance to hostile enchantments.
Missiles
 C - 3 throwing nets (quivered)
Armour
 k - a +0 cloak of magic resistance (worn)
 x - a +0 shield (worn)
 B - a +0 pair of gloves (worn)
 I - a +1 helmet of see invisible (worn)
 T - a +2 pair of boots (worn)
 W - the +5 ring mail of Classification (worn) {MR- Str+3}
   (You found it on level 10 of the Dungeon)

   It affects your strength (+3).
   It affects your resistance to hostile enchantments.
Jewellery
 h - a +2 ring of strength (right hand)
 j - an uncursed ring of magical power
 l - the ring "Otoggu" (left hand) {rPois rF+ MP+9}
   (You bought it in a shop on level 6 of the Dungeon)

   [ring of magical power]

   It protects you from fire.
   It protects you from poison.
   It affects your magic capacity (+9).
 w - a +3 amulet of reflection {unknown}
 A - an uncursed ring of magical power
 N - the amulet of Vitality (around neck) {Regen+ HP+15}
   (You bought it in a shop on level 6 of the Dungeon)

   [amulet of regeneration]

   It affects your health (+15).
   It increases your rate of regeneration.
Wands
 b - a wand of digging (13)
 d - a wand of clouds (2)
 f - a wand of flame (76)
 u - a wand of acid (4)
 D - a wand of paralysis (5)
 H - a wand of iceblast (32)
 X - a wand of disintegration (6)
Scrolls
 r - 3 scrolls of fog
 t - 6 scrolls of enchant armour
 y - 5 scrolls of magic mapping
 L - 2 scrolls of fear
 M - 2 scrolls of identify
 R - 9 scrolls of remove curse
 S - 8 scrolls of teleportation
 U - a scroll of summoning
 V - 4 scrolls of blinking
 Z - 2 scrolls of holy word
Potions
 a - 2 potions of cancellation
 e - 3 potions of ambrosia
 i - 4 potions of mutation
 m - 6 potions of brilliance
 n - 7 potions of curing
 o - 2 potions of agility
 p - a potion of invisibility
 q - a potion of magic
 s - 5 potions of might
 E - a potion of heal wounds
 F - 2 potions of resistance
 K - 7 potions of flight
 Y - a potion of haste
Miscellaneous
 Q - a phial of floods
Comestibles
 c - 35 rations


   Skills:
 + Level 17.2 Fighting
 - Level 15.0 Short Blades
 - Level 9.0 Armour
 + Level 18.4 Dodging
 + Level 10.6 Shields
 - Level 6.1 Evocations


You had 16 spell levels left.
You didn't know any spells.

Dungeon Overview and Level Annotations

Branches:
Dungeon (15/15)            Temple (0/1) D:6            Lair (6/6) D:10
 Shoals (0/4) Lair:3        Snake (1/4) Lair:4        Slime (0/5) Lair:6
    Orc (2/2) D:9             Elf (0/3) Orc:2        Vaults (0/5) D:13
 Depths (0/5) D:15

Altars:
Ashenzari
Cheibriados
Elyvilon
Gozag
Hepliaklqana
Kikubaaqudgha
Nemelex Xobeh
Okawaru
Qazlal
Ru
Trog
Vehumet
Wu Jian
Xom
Beogh
Jiyva

Shops:
D:6 =   D:8 ?   D:10 (   Orc:1 *   Orc:2 %=:=   Snake:1 !

Annotations:
D:9 exclusion: 2 downstairs
Lair:2 exclusion: 3 oklob plants


Innate Abilities, Weirdness & Mutations

You are small and have problems with some larger weapons.
You are carnivorous and can eat meat at any time.


Message History

You puncture the nagaraja!
The nagaraja is heavily wounded.
You feel sick. You block the nagaraja's attack.
* * * LOW HITPOINT WARNING * * *
The nagaraja constricts you.
Evoke which item? (* to show all) (? for menu, Esc to quit)
Aiming: Corrosive Bolt
Press: ? - help, Shift-Dir - straight line, f - nagaraja
Aim: a nagaraja, wielding an enchanted spear and wearing a robe (heavily wounded, constricting you, berserk, fast, unusually strong)
The bolt of acid hits the nagaraja.
The nagaraja is splashed with acid.
The acid corrodes the nagaraja!
The nagaraja is severely wounded.
You feel sick.
The nagaraja hits you with an enchanted spear!!
* * * LOW HITPOINT WARNING * * *
x2 The nagaraja constricts you.
The nagaraja misses you.
* * * LOW HITPOINT WARNING * * *
The nagaraja constricts you.
The nagaraja hits you with an enchanted spear!
You die...

#.# ######## ###...#
#.# ## ## #...# #.# #.#
.#. #...# #.# ... .. #
#..## #.# ##.##.## .#
#..## #.# ...... ##...
#...# #.# #
.8#...####..... #....
#.#####'####)##⌠...####
#...#
#....##":⌠#8))#@N...8.8
#...#
#..©§##[:_#©)))).......
#.#.#
##...##::⌠#8).#.....8.8
###.#
######'####'##⌠...####
#...# # .8#...####....
#...# ...... ##...
#.... ##.##.## ..#
#.##. ... .. .# #.##.
#.# .#. #.#..


You could see a nagaraja (berserk).

Vanquished Creatures
  Rupert (D:13)
  Gastronok (D:10)
  Kirke (D:13)
  A frost giant (D:15)
  6 nagarajas (Snake:1)
  Aizul (Snake:1)
  A very ugly thing (D:14)
  Snorg (Lair:4)
  2 ogre magi (Orc:2)
  Erolcha (D:9)
  12 hydras
  A naga warrior (Snake:1)
  19 two-headed ogres
  2 centaur warriors
  3 catoblepae (Lair:6)
  2 anacondas (Snake:1)
  2 dancing weapons (D:13)
  A tengu warrior (D:15)
  17 death yaks
  2 orc high priests
  A shock serpent (Snake:1)
  Nergalle (Lair:4)
  3 naga sharpshooters (Snake:1)
  An iron troll (Orc:2)
  A deep troll (Orc:2)
  2 unseen horrors
  2 salamander mystics (Snake:1)
  2 naga ritualists (Snake:1)
  The ghost of grindst0ne the Slicer, a novice KoBe of Trog (D:6)
  An orange crystal statue (D:13)
  An orc knight (D:15)
  10 ugly things
  5 cyclopes
  A deep elf mage (D:14)
  2 mana vipers (Snake:1)
  An orc sorcerer (Orc:2)
  An oklob plant (D:13)
  3 manticores
  14 slime creatures
  10 black mambas
  Joseph (D:8)
  Psyche (D:10)
  A salamander (Snake:1)
  A gargoyle (D:15)
  2 naga magi (Snake:1)
  18 spiny frogs
  6 torpor snails
  2 rime drakes
  A yaktaur (D:15)
  An efreet (D:13)
  A kobold demonologist (D:14)
  11 komodo dragons
  A jumping spider (shapeshifter) (D:14)
  12 trolls
  3 meliai (D:15)
  Prince Ribbit (D:9)
  25 blink frogs
  3 hornets (Lair:3)
  Grinder (D:5)
  10 hippogriffs
  A dream sheep (Lair:3)
  2 shadows
  12 spriggans (Lair:3)
  3 wraiths
  4 wyverns
  48 yaks
  5 basilisks
  3 hogs (D:13)
  3 hungry ghosts
  2 vampire mosquitoes (D:12)
  7 nagas
  3 wargs
  A soldier ant (D:13)
  18 water moccasins
  15 porcupines
  24 orc warriors
  6 sky beasts
  A hornet zombie (D:15)
  31 ogres
  3 ice beasts
  A necrophage (D:10)
  4 phantoms
  11 wolves
  3 boggarts (Lair:3)
  7 centaurs
  16 crocodiles
  7 big kobolds
  19 bullfrogs
  6 scorpions
  A wyvern skeleton (D:10)
  5 wights (D:13)
  10 killer bees
  2 howler monkeys
  An electric eel (Lair:5)
  5 crimson imps
  5 centaur zombies
  A bullfrog skeleton (D:5)
  2 bullfrog zombies
  5 hounds
  13 orc priests
  2 human zombies (Ossuary)
  4 jellies
  4 centaur skeletons
  6 iguanas
  Ijyb (D:4)
  16 orc wizards
  10 worker ants
  2 hound skeletons (D:11)
  5 mummies (Ossuary)
  2 worker ant zombies
  3 gnolls (D:6)
  12 adders
  A howler monkey skeleton (D:8)
  5 shadow imps
  An ooze (D:6)
  An adder skeleton (D:5)
  5 worms
  4 dart slugs
  4 leopard geckos
  77 orcs
  A ball python (D:3)
  12 bats
  5 giant cockroaches
  A gnoll zombie (Ossuary)
  10 goblins
  8 hobgoblins
  13 jackals
  5 quokkas
  3 frilled lizards
  3 goblin zombies (Ossuary)
  A jackal zombie (D:9)
  31 kobolds
  2 leopard gecko skeletons
  A quokka skeleton (D:6)
  9 rats
828 creatures vanquished.

Vanquished Creatures (collateral kills)
  2 naga sharpshooters (Snake:1)
  A naga ritualist (Snake:1)
3 creatures vanquished.

Vanquished Creatures (others)
  2 humans
  3 orcs (Orc:2)
  A fire vortex (Lair:4)
  9 fungi
  23 plants
38 creatures vanquished.

Grand Total: 869 creatures vanquished

Notes
Turn   | Place    | Note
-------+----------+-------------------------------------------
     0 | D:1      | grindst0ne the Kobold Berserker began the quest for the Orb.
     0 | D:1      | Reached XP level 1. HP: 14/14 MP: 1/1
    58 | D:1      | Reached XP level 2. HP: 15/19 MP: 2/2
   273 | D:1      | Reached skill level 3 in Dodging
   437 | D:1      | Reached XP level 3. HP: 19/24 MP: 3/3
   988 | D:2      | Reached ** piety under Trog
  1129 | D:2      | Found an ornate altar of the Wu Jian Council.
  1140 | D:2      | Reached XP level 4. HP: 21/29 MP: 4/4
  1168 | D:2      | Reached skill level 5 in Short Blades
  1559 | D:2      | Reached XP level 5. HP: 33/33 MP: 5/5
  1811 | D:2      | Reached skill level 4 in Dodging
  2460 | D:3      | Reached XP level 6. HP: 39/39 MP: 6/6
  2943 | D:3      | Found an ancient bone altar of Kikubaaqudgha.
  3227 | D:3      | Found a hazy altar of Hepliaklqana.
  3610 | D:4      | Found an iron altar of Okawaru.
  3726 | D:4      | Reached skill level 5 in Fighting
  4144 | D:4      | Reached skill level 1 in Shields
  4186 | D:4      | Noticed Ijyb
  4202 | D:4      | Paralysed by Ijyb for 2 turns
  4206 | D:4      | Killed Ijyb
  4206 | D:4      | Reached skill level 5 in Dodging
  4256 | D:4      | Reached XP level 7. HP: 41/44 MP: 7/7
  4300 | D:4      | Found a sparkling altar of Nemelex Xobeh.
  4301 | D:4      | Found an opulent altar of Gozag.
  4309 | D:4      | Reached *** piety under Trog
  4470 | D:5      | Entered Level 5 of the Dungeon
  4580 | D:5      | Got a jade-studded leather armour
  4652 | D:5      | Identified the cursed +0 leather armour of Nyschut {rC+++ Int+4 Dex+3 Stlth+} (You found it on level 5 of the Dungeon)
  4658 | D:5      | Noticed Grinder
  4734 | D:5      | Killed Grinder
  4734 | D:5      | Reached skill level 6 in Dodging
  4734 | D:5      | Reached XP level 8. HP: 38/51 MP: 8/8
  5414 | D:5      | Found a white marble altar of Elyvilon.
  5614 | D:5      | Found a stormy altar of Qazlal.
  5614 | D:5      | Found a faded altar of an unknown god.
  5619 | D:5      | Found a shattered altar of Ashenzari.
  5621 | D:5      | Found a snail-covered altar of Cheibriados.
  5623 | D:5      | Found a faded altar of an unknown god.
  6317 | D:6      | Found a staircase to the Ecumenical Temple.
  6415 | D:6      | Found Tikiv's Jewellery Shop.
  6607 | D:6      | Reached skill level 7 in Dodging
  6607 | D:6      | Reached XP level 9. HP: 56/56 MP: 9/9
  6778 | D:6      | Noticed grindst0ne's ghost (novice KoBe)
  6812 | D:6      | Killed grindst0ne's ghost
  6976 | D:6      | Found a sparkling altar of Nemelex Xobeh.
  7072 | D:6      | Received a gift from Trog
  7072 | D:6      | Reached skill level 8 in Dodging
  7771 | D:7      | Reached XP level 10. HP: 51/64 MP: 10/10
  8117 | D:8      | Found a bloodstained altar of Trog.
  8145 | D:8      | Noticed a two-headed ogre
  8177 | D:8      | Found a stormy altar of Qazlal.
  8193 | D:8      | Killed a two-headed ogre
  8193 | D:8      | Reached skill level 10 in Short Blades
  8193 | D:8      | Reached skill level 5 in Shields
  8224 | D:8      | Noticed Joseph
  8287 | D:8      | Killed Joseph
  8287 | D:8      | Reached skill level 9 in Dodging
  8354 | D:8      | Found a sand-covered staircase.
  8366 | D:8      | Got an encrusted spear
  8369 | Ossuary  | Entered an ossuary
  8371 | Ossuary  | Identified the +5 spear of the Mosquito {pierce, rF++ MR- Dex+4} (You found it on level 8 of the Dungeon)
  8405 | Ossuary  | Reached **** piety under Trog
  8682 | D:8      | Noticed a two-headed ogre
  8694 | D:8      | Killed a two-headed ogre
  8694 | D:8      | Reached skill level 5 in Evocations
  8897 | D:8      | Found Qiatu's Magic Scroll Shop.
  8900 | D:8      | Bought a scroll of teleportation for 36 gold pieces
  8904 | D:8      | Bought a scroll of identify for 24 gold pieces
  8904 | D:8      | Bought a scroll of identify for 24 gold pieces
  8904 | D:8      | Bought a scroll of identify for 24 gold pieces
  8952 | D:8      | Found a sacrificial altar of Ru.
  9424 | D:9      | Found a roughly hewn altar of Beogh.
  9426 | D:9      | Noticed Prince Ribbit
  9749 | D:9      | Reached XP level 11. HP: 71/71 MP: 15/15
  9817 | D:9      | Found a staircase to the Orcish Mines.
 10004 | D:9      | Found an iron altar of Okawaru.
 10066 | D:9      | Received a gift from Trog
 10103 | D:9      | Found a shimmering altar of Xom.
 10229 | D:9      | Noticed Erolcha
 10237 | D:9      | Killed Erolcha
 10297 | D:9      | Reached skill level 10 in Dodging
 10456 | D:9      | Killed Prince Ribbit
 10786 | D:10     | Entered Level 10 of the Dungeon
 10786 | D:10     | Noticed Gastronok
 10786 | D:10     | Noticed a two-headed ogre
 10873 | D:10     | Found Izater's Weapon Shoppe.
 11177 | D:10     | Killed Gastronok
 11222 | D:10     | Reached skill level 10 in Fighting
 11228 | D:10     | Noticed Psyche
 11239 | D:10     | Killed Psyche
 11293 | D:10     | Noticed a death yak
 11294 | D:10     | Noticed a death yak
 11321 | D:9      | Killed a two-headed ogre
 11505 | D:10     | Reached XP level 12. HP: 50/77 MP: 16/16
 11687 | D:10     | Got a spiked ring mail
 11698 | D:10     | Identified the +5 ring mail of Classification {MR- Str+3} (You found it on level 10 of the Dungeon)
 11725 | D:10     | Noticed a death yak
 11726 | D:10     | Noticed a death yak
 11741 | D:10     | Killed a death yak
 11745 | D:10     | Killed a death yak
 11746 | D:10     | Killed a death yak
 11746 | D:10     | Reached skill level 11 in Dodging
 11749 | D:10     | Killed a death yak
 11780 | D:10     | Found a staircase to the Lair.
 11911 | D:11     | Noticed a two-headed ogre
 11928 | D:11     | Killed a two-headed ogre
 12918 | D:11     | Killed an unseen horror
 13423 | D:12     | Noticed a six-headed hydra
 13429 | D:12     | Killed a six-headed hydra
 13485 | D:12     | Noticed a two-headed ogre
 13501 | D:12     | Killed a two-headed ogre
 13693 | D:12     | Reached XP level 13. HP: 82/84 MP: 17/17
 13868 | D:12     | Reached skill level 5 in Armour
 13924 | D:12     | Reached skill level 12 in Dodging
 14046 | D:12     | Found a shattered altar of Ashenzari.
 14131 | D:12     | Reached ***** piety under Trog
 14445 | D:12     | Received a gift from Trog
 15013 | Lair:1   | Entered Level 1 of the Lair of Beasts
 15195 | Lair:1   | Noticed a seven-headed hydra
 15205 | Lair:1   | Killed a seven-headed hydra
 17113 | Lair:2   | Reached skill level 13 in Dodging
 17685 | Lair:2   | Reached XP level 14. HP: 92/92 MP: 18/18
 19021 | Lair:3   | Found a staircase to the Shoals.
 19613 | Lair:3   | Received a gift from Trog
 19648 | Lair:4   | Noticed Snorg
 19812 | Lair:4   | Killed Snorg
 20498 | Lair:4   | Found a snail-covered altar of Cheibriados.
 20550 | Lair:4   | Reached skill level 14 in Dodging
 20861 | Lair:4   | Found a staircase to the Snake Pit.
 20903 | Lair:4   | Noticed Nergalle
 20932 | Lair:4   | Killed Nergalle
 21402 | Lair:3   | Got a faintly glowing long sword {god gift}
 21403 | Lair:3   | Identified the +9 long sword "Vess" {holy, rElec Dex+2} (Trog gifted it to you on level 3 of the Lair of Beasts)
 22210 | Lair:5   | Reached XP level 15. HP: 30/99 MP: 19/19
 22866 | Lair:6   | Entered Level 6 of the Lair of Beasts
 23599 | Lair:6   | Found a staircase to the Slime Pits.
 23599 | Lair:6   | Found a viscous altar of Jiyva.
 23907 | Lair:6   | Reached skill level 15 in Dodging
 24940 | Lair:6   | Reached skill level 15 in Short Blades
 25635 | D:6      | Bought the amulet of Vitality {Regen+ HP+15} for 1106 gold pieces
 25635 | D:6      | Found the amulet of Vitality {Regen+ HP+15}
 25904 | D:13     | Found a gate to the Vaults.
 25999 | D:13     | Reached XP level 16. HP: 76/107 MP: 20/20
 26212 | D:13     | Noticed Kirke
 26245 | D:13     | Killed Kirke
 26342 | D:13     | Found an ancient bone altar of Kikubaaqudgha.
 26375 | D:13     | Reached skill level 15 in Fighting
 26495 | D:13     | Reached skill level 16 in Dodging
 26833 | D:13     | Noticed Rupert
 26837 | D:13     | Paralysed by Rupert for 4 turns
 26861 | D:13     | Killed Rupert
 27212 | D:14     | Received a gift from Trog
 28272 | D:15     | Entered Level 15 of the Dungeon
 28600 | D:15     | Found a white marble altar of Elyvilon.
 28723 | D:15     | Reached skill level 17 in Dodging
 29193 | D:15     | Found a staircase to the Depths.
 29193 | D:15     | Noticed a frost giant
 29212 | D:15     | Killed a frost giant
 29568 | Orc:1    | Entered Level 1 of the Orcish Mines
 29667 | Orc:1    | Found a roughly hewn altar of Beogh.
 29736 | Orc:2    | Entered Level 2 of the Orcish Mines
 29820 | Orc:2    | Received a gift from Trog
 29852 | Orc:2    | Found a flickering gateway to a bazaar.
 29875 | Bazaar   | Entered a bazaar
 29889 | Bazaar   | Found Cedugy's Distillery.
 29912 | Bazaar   | Found Ciphea's Book Shoppe.
 29912 | Bazaar   | Found Ubafe's Armour Emporium.
 29977 | Bazaar   | Bought a +1 helmet of see invisible for 297 gold pieces
 30056 | Orc:2    | Paralysed by an ogre mage for 5 turns
 30129 | Orc:2    | Reached XP level 17. HP: 82/116 MP: 21/21
 30222 | Orc:2    | Cast into level 2 of the Abyss (ogre mage)
 30222 | Abyss:2  | Found a corrupted altar of Lugonu.
 30227 | Orc:2    | Escaped the Abyss
 30378 | Orc:2    | Found Wiwuock's Jewellery Boutique.
 30448 | Orc:2    | Found Meliedak's Jewellery Shoppe.
 30606 | Orc:2    | Found Xeommiy's Food Shop.
 30607 | Orc:2    | Found Ovuotoxe's Book Boutique.
 30612 | Orc:2    | Found a staircase to the Elven Halls.
 31179 | Orc:2    | Found a roughly hewn altar of Beogh.
 31512 | Orc:1    | Received a gift from Trog
 31592 | Orc:1    | Found Suibrid's General Store.
 31598 | Orc:1    | Bought a scroll of enchant armour for 120 gold pieces
 31838 | D:6      | Bought the ring "Otoggu" {rPois rF+ MP+9} for 534 gold pieces
 32088 | Snake:1  | Entered Level 1 of the Snake Pit
 32154 | Lair:4   | Identified a scroll of acquirement
 32427 | Snake:1  | Reached skill level 10 in Shields
 32709 | Snake:1  | Noticed Aizul
 32739 | Snake:1  | Killed Aizul
 33109 | Snake:1  | Reached skill level 18 in Dodging
 33121 | Snake:1  | Found Lekothrou's Distillery.
 33121 | Snake:1  | Found a transporter.
 33121 | Snake:1  | Found a radiant altar of Vehumet.
 34097 | Snake:1  | HP: 5/132 [nagaraja/enchanted spear (2)]
 34097 | Snake:1  | Mangled by a nagaraja

Vault maps used:
D:1:      co_arrival_square_in_a_square_in_a_square
D:2:      lemuel_round_altar, first_ration
D:3:      lemuel_round_altar, kiku_gazebo_pond_becter
D:4:      cheibrodos_helix_gallery, okawaru_metal_pillars_3,
          grunt_temple_overflow_opulence, kennysheep_boxes, uniq_ijyb
D:5:      lemuel_doored_altar, chequers_temple_overflow_minitemple, uniq_grinder
D:6:      temple_fountains, serial_shops, nicolae_shop_trees,
          nemelex_dance_club_becter
D:8:      kennysheep_mini_moat, nicolae_ru_the_path_less_chosen, serial_shops,
          nicolae_shop_behind_doors, nicolae_ossuary_entry_monument,
          nicolae_qazlal_style_of_elements, uniq_joseph
D:9:      lemuel_coloured_pillars_altar, david_orc_5, basic_altar,
          uniq_prince_ribbit1, uniq_erolcha
D:10:     dpeg_lair_monsters, serial_shops, kennysheep_little_box,
          uniq_gastronok, uniq_psyche
D:12:     grunt_ogre_cave, nicolae_ashenzari_panopticon
D:13:     minmay_statue_hallways, erik_vaults_1, lemuel_oklob_altar,
          uniq_rupert, uniq_kirke
D:14:     hex_tiny
D:15:     grunt_enter_depths_snipers, basic_altar
Lair:1:   grunt_megastairs_2, serial_bayou_shore_b, lemuel_fruit_fields,
          lemuel_fruit_fields
Lair:2:   dpeg_oklob_gauntlet, beast_lair_carwin_6
Lair:3:   kb_forest_paths, minmay_shoals_entry_centaurs, serial_forest,
          infiniplex_forest_end_3, infiniplex_forest_zigzag_2,
          infiniplex_forest_end_3, infiniplex_forest_lined_2,
          infiniplex_forest_lined_2, infiniplex_forest_lined_2,
          infiniplex_forest_end_double, infiniplex_forest_corner_1,
          infiniplex_forest_lined_ring
Lair:4:   beast_lair_carwin_large_2, guppyfry_snake_entry_garden,
          kennysheep_snail_temple, uniq_snorg, uniq_nergalle
Lair:5:   serial_bayou_shore_a
Lair:6:   evilmike_catoblepas_cave, slime_altar_1
Snake:1:  gammafunk_sealed_library, serial_shops, nicolae_shop_crystal,
          uniq_aizul
Orc:1:    serial_shops, shop, kennysheep_orc_chapel
Orc:2:    st_orc_open, basic_altar, serial_shops, bzr_entry_gold
Bazaar:   bazaar_short_row
Ossuary:  ossuary_crypta

Skill      XL: |  1  2  3  4  5  6  7  8  9 10 11 12 13 14 15 16 17 |
---------------+----------------------------------------------------+-----
Dodging        | 3 4 5 6 7 8 9 10 11 13 14 15 17 18 | 18.4
Fighting       | 4 5 6 8 9 10 11 12 13 14 16 17 | 17.2
Short Blades   | 5 6 7 8 9 10 11 12 13 15 | 15.0
Shields        | 1 2 3 4 5 6 7 9 10 | 10.6
Evocations     | 5 6 |  6.1
Armour         | 2 4 6 8 9 |  9.0

Action                   |  1- 3 |  4- 6 |  7- 9 | 10-12 | 13-15 | 16-18 || total
-------------------------+-------+-------+-------+-------+-------+-------++-------
Melee: Short sword       |   116 |   327 |   476 |    93 |       |       ||  1012
       Spear             |       |       |       |   687 |   557 |       ||  1244
       Rapier            |       |       |       |       |  1570 |  1778 ||  3348
       Long sword        |       |       |       |       |    23 |       ||    23
Throw: Throwing net      |       |       |       |     1 |       |       ||     1
Invok: Berserk           |     2 |    12 |    19 |    24 |    56 |    27 ||   140
       Trog's Hand       |       |       |     3 |    11 |    19 |    21 ||    54
       Brothers in Arms  |       |       |       |       |       |     1 ||     1
Evoke: Wand              |       |       |     1 |    32 |    15 |    24 ||    72
       Phial of floods   |       |       |       |       |       |     2 ||     2
  Use: Scroll            |       |       |    11 |    13 |     6 |    13 ||    43
       Potion            |       |       |       |     8 |     3 |     4 ||    15
 Stab: Sleeping          |       |     1 |       |       |       |       ||     1
       Paralysed         |       |       |       |    17 |       |     2 ||    19
       Confused          |       |       |       |     2 |     1 |     2 ||     5
       Invisible         |       |       |       |       |     9 |     5 ||    14
       Petrified         |       |       |       |       |     2 |       ||     2
       Distracted        |       |       |       |       |       |     1 ||     1
  Eat: Chunk             |    11 |    21 |    28 |    56 |   102 |    49 ||   267
       Ration            |       |       |     1 |       |       |     4 ||     5
Armor: Leather armour    |    29 |    28 |     4 |       |       |       ||    61
       Scale mail        |       |    50 |    91 |    29 |       |       ||   170
       Chain mail        |       |       |       |    85 |       |       ||    85
       Ring mail         |       |       |       |    72 |   324 |   236 ||   632
       Skin              |       |       |       |    18 |       |       ||    18
Dodge: Dodged            |   112 |   158 |   174 |   426 |  1245 |   971 ||  3086
Block: Shield            |       |    35 |   169 |   410 |  1157 |   856 ||  2627
       Rpst.: Long sword |       |       |       |       |     5 |       ||     5

Table legend:
 A = Spawn XP
 B = Non-spawn XP
 C = Spawn XP percentage of total XP
 D = Spawn monster count
 E = Non-spawn monster count
 F = Spawn count percentage of total count
 G = Total turns spent on level
                    A         B        C        D         E        F      G
               +---------+---------+-------+---------+---------+-------+---------
         Total |       0 |  196012 |   0.0 |       0 |     832 |   0.0 | 34097
               +---------+---------+-------+---------+---------+-------+---------
           D:1 |       0 |      46 |   0.0 |       0 |      25 |   0.0 |   964
           D:2 |       0 |     127 |   0.0 |       0 |      26 |   0.0 |  1150
           D:3 |       0 |     155 |   0.0 |       0 |      35 |   0.0 |  1193
           D:4 |       0 |     266 |   0.0 |       0 |       9 |   0.0 |  1163
           D:5 |       0 |    1186 |   0.0 |       0 |      25 |   0.0 |  1801
           D:6 |       0 |    1426 |   0.0 |       0 |      22 |   0.0 |  1367
           D:7 |       0 |     870 |   0.0 |       0 |      19 |   0.0 |   717
           D:8 |       0 |    2908 |   0.0 |       0 |      16 |   0.0 |  1400
           D:9 |       0 |    4562 |   0.0 |       0 |      44 |   0.0 |  1449
          D:10 |       0 |    7647 |   0.0 |       0 |      21 |   0.0 |  1004
          D:11 |       0 |    3572 |   0.0 |       0 |      28 |   0.0 |  1335
          D:12 |       0 |    9062 |   0.0 |       0 |      46 |   0.0 |  1852
          D:13 |       0 |   13549 |   0.0 |       0 |      36 |   0.0 |  1297
          D:14 |       0 |   13185 |   0.0 |       0 |      39 |   0.0 |  1200
          D:15 |       0 |   12131 |   0.0 |       0 |      31 |   0.0 |  1193
        Lair:1 |       0 |    5347 |   0.0 |       0 |      24 |   0.0 |  1756
        Lair:2 |       0 |    8218 |   0.0 |       0 |      29 |   0.0 |  1315
        Lair:3 |       0 |    8490 |   0.0 |       0 |      46 |   0.0 |  1801
        Lair:4 |       0 |   11988 |   0.0 |       0 |      37 |   0.0 |  1830
        Lair:5 |       0 |   13337 |   0.0 |       0 |      36 |   0.0 |  1731
        Lair:6 |       0 |   25458 |   0.0 |       0 |      73 |   0.0 |  2281
       Snake:1 |       0 |   28072 |   0.0 |       0 |      35 |   0.0 |  1877
         Orc:1 |       0 |    1709 |   0.0 |       0 |      18 |   0.0 |   397
         Orc:2 |       0 |   22430 |   0.0 |       0 |      99 |   0.0 |  1616
       Ossuary |       0 |     271 |   0.0 |       0 |      13 |   0.0 |   261
               +---------+---------+-------+---------+---------+-------+---------
